 Dungeon Crawl Stone Soup version 0.29.1-12-g30fa7ad0bf (webtiles) character file.

Game seed: 1771980964191739697

53 FexLirch the Gusty (level 3, 0/19 HPs)
             Began as a Tengu Air Elementalist on Jan 11, 2023.
             Slain by a gnoll
             ... wielding a +0 flail
              (9 damage)
             ... on level 2 of the Dungeon.
             The game lasted 00:01:32 (1943 turns).

FexLirch the Gusty (Tengu Air Elementalist)         Turns: 1943, Time: 00:01:33

Health: 0/19       AC:  2    Str:  8    XL:     3   Next: 89%
Magic:  3/8        EV: 12    Int: 17    God:
Gold:   97         SH:  0    Dex: 14    Spells: 4/7 levels left

rFire   . . .      SeeInvis .   e - +0 dagger
rCold   . . .      Faith    .   (no shield)
rNeg    . . .      Spirit   .   a - +0 robe
rPois   .          Reflect  .   (helmet restricted)
rElec   .          Harm     .   (no cloak)
rCorr   .          Rampage  .   (no gloves)
Will    .....                   (boots unavailable)
Stlth   ++........              (no amulet)
HPRegen 0.06/turn               (no ring)
MPRegen 0.11/turn               (no ring)

@: very slightly contaminated
A: beak, talons 3
a: no special abilities


You were on level 2 of the Dungeon.
You visited 1 branch of the dungeon, and saw 2 of its levels.

You collected 97 gold pieces.

Inventory:

Hand Weapons
 e - a +0 dagger (weapon)
Armour
 a - a +0 robe (worn)
Scrolls
 c - 2 scrolls of poison {unknown}
 d - 2 scrolls of enchant armour {unknown}
 f - a scroll of identify {unknown}
 g - a scroll of teleportation {unknown}
 h - a scroll of amnesia {unknown}
 i - a scroll of butterflies {unknown}
Potions
 b - a potion of magic
 j - a potion of cancellation {unknown}
 k - a potion of degeneration {unknown}


   Skills:
 - Level 2.1 Dodging
 - Level 2.0 Stealth
 + Level 2.7 Spellcasting
 + Level 2.9 Conjurations
 + Level 4.8 Air Magic


You had 4 spell levels left.
You knew the following spells:

 Your Spells              Type           Power      Damage    Failure   Level
a - Shock                 Conj/Air       60%        1d6       3%          1
b - Static Discharge      Conj/Air       15%        3-5/arc   5%          2

Your spell library contained the following spells:

 Spells                   Type           Power      Damage    Failure   Level
 Swiftness                Air            18%        N/A       8%          3
 Airstrike                Air            9%         2d(2-18)  24%         4
 Sublimation of Blood     Necr           2%         N/A       26%         2
 Wereblood                Tmut           2%         N/A       26%         2
 Summon Hydra             Summ           1%         N/A       100%        7


Dungeon Overview and Level Annotations

Branches:
Dungeon (2/15)

Altars:

Annotations:
D:2 1 runed translucent door, Crazy Yiuf


Innate Abilities, Weirdness & Mutations

You have a beak for a mouth.
You have claws for feet.


Message History

You kill the bat!
The gnoll shouts!
There are monsters nearby!
The zap hits the gnoll.
The gnoll is moderately wounded.
A gnoll comes into view. It is wielding a +0 flail.
There are monsters nearby!
The zap hits the gnoll.
The gnoll is moderately wounded.
There are monsters nearby!
You see here a rat corpse.
A gnoll comes into view. It is wielding a +0 whip.
The gnoll barely misses you.
The gnoll hits you from afar with a +0 halberd of pain.
You writhe in agony.
The gnoll barely misses you. The gnoll closely misses you.
You see here a rat corpse.
A bat comes into view.
There is a stone staircase leading down here.
Casting: Shock (safe; 3% risk of failure)
Confirm with . or Enter, or press ? or * to list all spells.
Aiming: Shock (safe; 3% risk of failure)
Press: ? - help, Shift-Dir - straight line, f - gnoll
Aim: a gnoll, wielding a +0 flail (75% to hit)
The zap hits the gnoll.
The gnoll is moderately wounded.
Casting: Shock (safe; 3% risk of failure)
Confirm with . or Enter, or press ? or * to list all spells.
You miscast Static Discharge.
You are very lightly contaminated with residual magic.
Nothing appears to happen.
The gnoll hits you with a +0 flail!
Casting: Static Discharge (safe; 5% risk of failure)
Confirm with . or Enter, or press ? or * to list all spells.
The gnoll is struck by an arc of lightning.
The gnoll is heavily wounded.
You are struck by an arc of lightning.
The gnoll is struck by an arc of lightning.
The gnoll is severely wounded.
The lightning grounds out.
The gnoll hits you with a +0 flail!
You die...

##...## #.....#####.# #### ##.##
#####.###.# #..#####.# #.....#
#.# #.....##.# #.###.###.#
.#.##.##.### #.# #.....#
...##.##.#.###.###.#######
..........#.#...)...†.....
...##.##.###....#..##.####
#####(###.#.#...@.....#
#.....#.......#.g..#..# ##.....
#######.##.#..#.#.##..###.....##
#.##.#..#g#.##..##.......##
#.##.........b..#.........#
#.###..#######.###........#
#.......# #.....#.# #######.#
##....... #.# #........


You could see 2 gnolls.

Vanquished Creatures
  An adder (D:2)
  A dart slug (D:1)
  3 ball pythons
  4 bats
  2 endoplasms (D:1)
  7 goblins
  A hobgoblin (D:1)
  3 jackals (D:1)
  2 quokkas (D:1)
  6 frilled lizards (D:1)
  2 kobolds
  9 rats
41 creatures vanquished.

Vanquished Creatures (others)
  A fungus (D:2)
1 creature vanquished.

Grand Total: 42 creatures vanquished

Notes
Turn   | Place    | Note
-------+----------+-------------------------------------------
     0 | D:1      | FexLirch the Tengu Air Elementalist began the quest for the
                  | Orb.
     0 | D:1      | Reached XP level 1. HP: 10/10 MP: 4/4
   154 | D:1      | Reached XP level 2. HP: 3/15 MP: 0/6
   768 | D:1      | Reached XP level 3. HP: 19/19 MP: 5/7
   773 | D:1      | Learned a level 2 spell: Static Discharge
  1609 | D:2      | Found a faded altar of an unknown god.
  1806 | D:2      | Found a runed translucent door.
  1807 | D:2      | Noticed Crazy Yiuf
  1943 | D:2      | Slain by a gnoll

Illustrated notes

Levels and vault maps discovered:
D:1:      minmay_arrival_loop, layout_basic
D:2:      minmay_spotlight, layout_loops_cross,
          chequers_ecumenical_altar_simple,
          hangedman_abyss_or_decor_lesser_grid, uniq_crazy_yiuf_cottage

Skill      XL: |  1  2 |
---------------+-------+-----
Conjurations   | 2 |  2.9
Dodging        | |  2.1
Stealth        | |  2.0
Spellcasting   | |  2.7
Air Magic      | |  4.8

Action                   || total
-------------------------++-------
Melee: Dagger            ||    13
       Kick              ||     4
       Peck              ||     3
       Unarmed           ||     1
 Cast: Shock             ||    64
       Static Discharge  ||     2
Armor: Robe              ||     2
Dodge: Dodged            ||    23
